AoeStats
← brau_2846

Arena

509733907Analyzed
1v1 RM · 5d ago on Sep 27, 2026· 73m 14s· 2 players
Game mode
Random Map
Map size
Tiny (2 player)
Population
200
Speed
Normal
Resources
Standard
Victory
Conquest
Starting age
Dark Age
Ending age
Imperial Age
RankedLock teamsTeams togetherTeam positionsShared explorationLock speedFull tech treeHidden civsTurbo modeCheats
Victory
Defeat
🇺🇸 Turks · United States
637
+15
🇲🇽 Britons · Mexico
621
-15
brau_2846
9:55 Feudal Age
10:24 Horse Collar
11:30 Wheelbarrow
10:51 Double-Bit Axe
11:17 Gold Mining
11:22 Town Watch
11:23 Loom
19:35 Castle Age
18:19 Padded Archer Armor
18:13 Fletching
19:28 Stone Mining
20:56 Bow Saw
20:49 Heavy Plow
22:26 Hand Cart
25:03 Crossbowman
28:37 Town Patrol
30:11 Pikeman
30:52 Squires
30:38 Gambesons
30:39 Arson
31:25 Ballistics
31:46 Bodkin Arrow
31:52 Padded Archer Armor
34:53 Imperial Age
33:16 Treadmill Crane
35:17 Leather Archer Armor
35:14 Forging
35:04 Scale Mail Armor
36:44 Chemistry
37:05 Gold Shaft Mining
37:39 Two-Man Saw
37:29 Bracer
38:32 Arbalester
39:19 Cavalier
40:13 Husbandry
41:16 Elite Skirmisher
43:44 Scale Barding Armor
44:10 Ring Archer Armor
45:42 Chain Barding Armor
45:38 Chain Mail Armor
53:57 Plate Barding Armor
53:53 Plate Mail Armor
53:59 Iron Casting
59:04 Blast Furnace
61:34 Yeomen
63:49 Yeomen
63:10 Elite Longbowman
jewseejay
7:20 Loom
10:44 Feudal Age
11:44 Double-Bit Axe
17:08 Castle Age
17:36 Bloodlines
17:28 Fletching
17:23 Horse Collar
19:06 Scale Barding Armor
19:32 Stone Mining
25:38 Wheelbarrow
25:49 Bow Saw
26:48 Town Watch
29:21 Hand Cart
34:54 Imperial Age
33:49 Scale Barding Armor
34:54 Gold Mining
35:05 Elite Janissary
38:56 Conscription
39:13 Heavy Plow
39:46 Ballistics
44:10 Artillery
46:15 Padded Archer Armor
46:17 Murder Holes
48:04 Leather Archer Armor
48:00 Bodkin Arrow
48:21 Forging
52:10 Scale Mail Armor
53:38 Bracer
53:57 Chain Mail Armor
55:53 Masonry
60:19 Plate Mail Armor
65:24 Chain Barding Armor
68:57 Architecture
68:59 Ring Archer Armor
Connection lost

Rejoining the realm…

Still unreachable

The connection could not be restored.

Session expired

The server has moved on; the page needs a fresh start.